 Dungeon Crawl Stone Soup version 0.15.2 (webtiles) character file.

161 HopeRidesAlone the Insei (level 5, -3/41 HPs)
             Began as a Mummy Monk on Oct 22, 2015.
             Slain by Duvessa
             ... wielding a +0 cutlass
              (6 damage)
             ... on Level 4 of the Dungeon.
             The game lasted 00:03:54 (3633 turns).

HopeRidesAlone the Insei (Mummy Monk)               Turns: 3633, Time: 00:03:55

HP  -3/41        AC  1     Str 14      XL: 5   Next: 18%
MP   5/5         EV 13     Int  9      God:
Gold 162         SH  0     Dex 15      Spells:  0 memorised,  4 levels left

rFire  x . .     SeeInvis .       - Unarmed
rCold  + . .     Clarity  .     (no armour)
rNeg   + + +     rCorr    .     (no shield)
rPois  +         rRot     +     (no helmet)
rElec  .         Spirit   .     (no cloak)
SustAb .         Warding  .     (no gloves)
rMut   .         Stasis   .     g - +0 pair of boots
Gourm  .                        (no amulet)
MR     .....                    (no ring)
                                (no ring)

@: not resistant to hostile enchantments, unstealthy
A: no food or potions, fire vulnerability, restore body, cold resistance 1,
negative energy resistance 3, poison resistance, torment resistance, unbreathing
a: no special abilities


You were on level 4 of the Dungeon.
You were not hungry.

You visited 1 branch of the dungeon, and saw 5 of its levels.

You collected 162 gold pieces.


Innate Abilities, Weirdness & Mutations

You do not eat or drink.
Your flesh is vulnerable to fire.
Your flesh is cold resistant.
You are immune to negative energy.
Your system is resistant to poisons.
You are immune to unholy pain and torment.
You can survive without breathing.


   Skills:
 - Level 3.0 Fighting
 - Level 2.4 Dodging
 - Level 1.5 Stealth
 + Level 5.4 Unarmed Combat


You had 4 spell levels left.
You didn't know any spells.

Inventory:

Missiles
 c - 8 curare-tipped needles {=f}
Armour
 a - a +0 robe
 g - a +0 pair of boots (worn)
Magical devices
 i - a wand of teleportation (1) {unknown}
Scrolls
 b - 3 scrolls of remove curse {unknown}
 d - a scroll of amnesia {unknown}
 e - 2 scrolls of magic mapping {unknown}
 f - a scroll of enchant weapon {unknown}
 h - a scroll of teleportation {unknown}
 j - 2 scrolls of identify {unknown}
 l - a scroll of immolation {unknown}
 m - a scroll of recharging {unknown}
Jewellery
 k - an uncursed ring of sustain abilities {unknown}

Dungeon Overview and Level Annotations

Branches:
Dungeon (5/15)
 Temple: D:4-7

Altars:
Nemelex Xobeh
Xom
Yredelemnul

Annotations:
D:4 Dowan, Duvessa

.........# #.# .........#
#.# ########## #.########
# .e....#.# #......... .
#.#####.########..........
. #.# #.........g.%.......
#.######.%.......#########
#.##..........%.e#
#.##......######M#
#.##......# #.#
#.##.....e## #.#
..##.......# #.#
####.....#.# #.#
#######..# #.# #.## #.#
..# #.# ###.# #.#


You could see Duvessa and a gnoll.


Message History

Found 24 arrows, 2 bread rations and 28 gold pieces.
There is a stone staircase leading up here.
The gnoll barely misses you.
You climb upwards.
Level annotation: Dowan, Duvessa Dowan gestures wildly while chanting.
Dowan blinks!
There is a stone staircase leading down here.
The gnoll hits you with a whip.
* * * LOW HITPOINT WARNING * * *
There is an open door here.
Duvessa gestures with her weapon.
Duvessa says, "Where magic fails, the sword succeeds!"
There is an open door here.
You see here a rat corpse.
Duvessa closely misses you. Duvessa misses you. Duvessa barely misses you.
Duvessa says, "Where magic fails, the sword succeeds!"
Duvessa hits you but does no damage. Duvessa hits you with a cutlass.
Duvessa gestures with her weapon.
Duvessa hits you with a cutlass!
* * * LOW HITPOINT WARNING * * *
Duvessa barely misses you. Duvessa hits you with a cutlass.
* * * LOW HITPOINT WARNING * * *
Duvessa says, "My weaknesses are his strengths!"
Duvessa hits you with a cutlass.
You die...

Action                   |  1- 3 |  4- 6 || total
-------------------------+-------+-------++-------
Melee: Unarmed           |   121 |   124 ||   245
 Stab: Sleeping          |     2 |     1 ||     3

Vault maps used:
D:1:      ldierk_walled_garden
D:2:      overflow_temple_1_default, lemuel_crystal_altar
D:3:      lemuel_coloured_pillars_altar
D:4:      uniq_duvessa
D:5:      hangedman_cross_stitches, minmay_temple_entry_statues_fountains,
          first_bread, basic_altar, grunt_dithmenos_shadows

Notes
Turn   | Place    | Note
--------------------------------------------------------------
     0 | D:1      | HopeRidesAlone, the Mummy Monk, began the quest for the Orb.
     0 | D:1      | Reached XP level 1. HP: 18/18 MP: 1/1
   334 | D:1      | Reached XP level 2. HP: 18/24 MP: 2/2
   572 | D:2      | Found a sparkling altar of Nemelex Xobeh.
   922 | D:2      | Reached skill level 4 in Unarmed Combat
  1032 | D:2      | Reached XP level 3. HP: 21/29 MP: 3/3
  1204 | D:2      | Found a shimmering altar of Xom.
  1718 | D:3      | Reached XP level 4. HP: 4/35 MP: 4/4
  2267 | D:3      | Reached skill level 5 in Unarmed Combat
  2422 | D:3      | Found a basalt altar of Yredelemnul.
  3177 | D:4      | Noticed Dowan
  3179 | D:4      | Noticed Duvessa
  3319 | D:4      | Reached XP level 5. HP: 11/41 MP: 5/5
  3601 | D:5      | Entered Level 5 of the Dungeon
  3631 | D:4      | HP: 2/41 [Duvessa/cutlass (6)]
  3633 | D:4      | Slain by Duvessa

Vanquished Creatures
  2 worker ants
  4 adders
  2 worms
  2 giant geckos (D:2)
  2 oozes
  An orc (D:3)
  5 bats
  4 giant cockroaches
  5 goblins
  5 hobgoblins
  2 jackals (D:3)
  11 kobolds
  A quokka (D:4)
  2 ball pythons (D:2)
  4 giant newts
  10 rats
62 creatures vanquished.

Vanquished Creatures (others)
  5 toadstools (D:1)
5 creatures vanquished.

Grand Total: 67 creatures vanquished
